 Dungeon Crawl Stone Soup version 0.21.1-1-g345015f (webtiles) character file.

1814 daodarkstar the Skirmisher (level 8, 0/63 HPs)
             Began as a Demonspawn Fighter on Apr 2, 2018.
             Was a Follower of Qazlal.
             Succumbed to a kobold's poison
             ... on level 7 of the Dungeon.
             The game lasted 00:08:56 (5846 turns).

daodarkstar the Skirmisher (Demonspawn Fighter)     Turns: 5846, Time: 00:08:57

Health: 0/63       AC: 11    Str: 14 (17) XL:     8   Next: 84%
Magic:  11/11      EV: 11    Int: 18 (19) God:    Qazlal [*.....]
Gold:   248        SH:  2    Dex: 13 (15) Spells: 7/7 levels left

rFire    + . .     SeeInvis .   g - +5 scythe (vamp)
rCold    + . .     Gourm    .   (shield currently unavailable)
rNeg     . . .     Faith    .   b - +0 scale mail
rPois    +         Spirit   .   (no helmet)
rElec    +         Reflect  .   (no cloak)
rCorr    +         Harm     .   (no gloves)
MR       .....                  (no boots)
Stlth    ..........             (no amulet)
HPRegen  0.20/turn              o - +5 ring of intelligence
MPRegen  0.12/turn              (no ring)

@: brilliant, lethally poisoned (0 -> -3), resistant
A: thin metallic scales 3, powered by death 2
a: Renounce Religion


You were on level 7 of the Dungeon.
You worshipped Qazlal.
Qazlal was aware of your devotion.
You were not hungry.

You visited 2 branches of the dungeon, and saw 8 of its levels.

You collected 248 gold pieces.

Inventory:

Hand Weapons
 a - a +0 war axe
 g - a +5 vampiric scythe (weapon)
Armour
 b - a +0 scale mail (worn)
 c - a +0 shield
Jewellery
 o - a +5 ring of intelligence (left hand)
 C - an uncursed ring of wizardry {unknown}
Wands
 l - a wand of iceblast (10)
 m - a wand of acid (8)
 p - a wand of paralysis (20)
 y - a wand of polymorph (17)
Scrolls
 e - 3 scrolls of remove curse
 k - 5 scrolls of teleportation {unknown}
 q - 2 scrolls of enchant armour {unknown}
 u - a scroll of immolation
 A - 3 scrolls of identify
Potions
 d - 3 potions of degeneration
 j - a potion of lignification
 n - a potion of resistance
 s - 3 potions of brilliance
 t - a potion of magic {unknown}
 x - a potion of flight {unknown}
 z - a potion of agility {unknown}
Comestibles
 f - 4 rations


   Skills:
 + Level 5.5 Fighting
 + Level 4.7(5.6) Axes
 * Level 4.4(5.4) Polearms
 + Level 5.2 Armour
 + Level 4.1 Dodging
 - Level 2.6 Shields
 + Level 4.2 Invocations


You had 7 spell levels left.
You didn't know any spells.

Dungeon Overview and Level Annotations

Branches:
Dungeon (7/15)             Temple (1/1) D:4

Altars:
Ashenzari
Cheibriados
Elyvilon
Gozag
Hepliaklqana
Kikubaaqudgha
Makhleb
Nemelex Xobeh
Okawaru
Qazlal
Ru
Sif Muna
Trog
Uskayaw
Wu Jian
Xom
Zin
The Shining One

Shops:
D:4 *


Innate Abilities, Weirdness & Mutations

You are completely covered in thin metallic scales. (AC +4, rElec)
You regenerate health from kills.


Message History

The hippogriff pecks you but does no damage.
The hippogriff misses you.
It was a potion of degeneration.
There was something very wrong with that liquid.
You feel weakened.
You feel dopey.
You feel clumsy.
You feel sick. The big kobold barely misses you. The kobold barely misses you.
The hippogriff bites you but does no damage.
The hippogriff pecks you.
* * * LOW HITPOINT WARNING * * *
The hippogriff claws you.
* * * LOW HITPOINT WARNING * * *
The kobold hits you but does no damage. The orc completely misses you.
You feel protected.
The big kobold hits you but does no damage.
The kobold barely misses you. The hippogriff barely misses you.
The hippogriff pecks you but does no damage.
You block the hippogriff's attack. The kobold misses you.
It was a potion of brilliance.
You feel clever all of a sudden.
You die...

.# ###########
..##......)..#
...#.......(.#
...........#
#.........#
#...(a....###
...##...HKo......
.......(K@§..(##
....#...YK§...#
.. #)...W....#
#.o........#
#.######.#.# ...
....# ... ##....
##o #.#.


You could see a hippogriff, a phantom, an ice beast, a big kobold, a worker ant,
2 orcs and 2 kobolds.

Vanquished Creatures
  Sigmund (D:3)
  Eustachio (D:6)
  A water moccasin (D:6)
  An ice beast (D:6)
  A sky beast (D:5)
  A black bear (D:4)
  A necrophage (D:6)
  A phantom (D:5)
  An ogre (D:5)
  A centaur (D:5)
  A gnoll sergeant (D:6)
  A water moccasin skeleton (D:5)
  3 crimson imps
  2 hounds
  A gnoll shaman (D:6)
  An orc priest (D:4)
  An orc wizard (D:4)
  A bullfrog skeleton (D:6)
  Jessica (D:3)
  Ijyb (D:5)
  2 iguanas
  A worker ant (D:5)
  9 gnolls (D:6)
  11 adders
  An ooze (D:1)
  An adder zombie (D:6)
  An adder skeleton (D:6)
  4 worms
  3 dart slugs
  9 leopard geckos
  3 orcs
  3 bats
  3 giant cockroaches
  7 goblins
  6 hobgoblins
  2 jackals (D:1)
  7 kobolds
  2 quokkas
  2 ball pythons (D:3)
  3 frilled lizards
  A leopard gecko zombie (D:6)
  2 quokka skeletons
  13 rats
119 creatures vanquished.

Notes
Turn   | Place    | Note
-------+----------+-------------------------------------------
     0 | D:1      | daodarkstar the Demonspawn Fighter began the quest for the Orb.
     0 | D:1      | Reached XP level 1. HP: 18/18 MP: 1/1
    56 | D:1      | Gained mutation: You are partially covered in thin metallic scales. (AC +2) [demonic ancestry]
    56 | D:1      | Reached XP level 2. HP: 17/24 MP: 2/2
   391 | D:1      | Reached skill level 1 in Dodging
   553 | D:1      | Gained mutation: You are mostly covered in thin metallic scales. (AC +3) [demonic ancestry]
   553 | D:1      | Reached XP level 3. HP: 25/29 MP: 3/3
   806 | D:2      | Found a burning altar of Makhleb.
   854 | D:2      | Found a glowing golden altar of the Shining One.
  1377 | D:2      | Gained mutation: You regenerate a little health from kills. [demonic ancestry]
  1377 | D:2      | Reached XP level 4. HP: 28/35 MP: 4/4
  1558 | D:2      | Found a burning altar of Makhleb.
  1849 | D:3      | Noticed Sigmund
  1879 | D:3      | HP: 2/55 [something (2)]
  1883 | D:3      | Killed Sigmund
  1883 | D:3      | Gained mutation: You regenerate health from kills. [demonic ancestry]
  1883 | D:3      | Reached XP level 5. HP: 2/42 MP: 5/5
  1883 | D:3      | Reached XP level 6. HP: 3/48 MP: 6/6
  2802 | D:3      | Noticed Jessica
  2804 | D:3      | Killed Jessica
  2953 | D:4      | Found Kidd's Assorted Antiques.
  3024 | D:4      | Reached skill level 1 in Polearms
  3037 | D:4      | Found a staircase to the Ecumenical Temple.
  3050 | Temple   | Entered the Ecumenical Temple
  3144 | Temple   | Became a worshipper of Qazlal Stormbringer
  3347 | D:4      | Found a white marble altar of Elyvilon.
  3755 | D:5      | Entered Level 5 of the Dungeon
  3770 | D:5      | Reached skill level 1 in Invocations
  3770 | D:5      | Gained mutation: You are completely covered in thin metallic scales. (AC +4, rElec) [demonic ancestry]
  3770 | D:5      | Reached XP level 7. HP: 22/55 MP: 7/7
  4151 | D:5      | Found an ornate altar of the Wu Jian Council.
  4178 | D:5      | Noticed Ijyb
  4185 | D:5      | Paralysed by Ijyb for 6 turns
  4191 | D:5      | Killed Ijyb
  4596 | D:5      | Reached skill level 5 in Fighting
  4596 | D:5      | Reached XP level 8. HP: 57/62 MP: 8/10
  4787 | D:6      | Found an ancient bone altar of Kikubaaqudgha.
  4825 | D:6      | Reached * piety under Qazlal
  4870 | D:6      | Noticed Eustachio
  4891 | D:6      | HP: 3/62 [shadow imp/nerve-wracking pain[Eustachio] (7)]
  5160 | D:6      | Reached skill level 5 in Armour
  5532 | D:6      | Killed Eustachio
  5830 | D:7      | Noticed a hippogriff
  5844 | D:7      | HP: 1/63 [hippogriff (3)]
  5846 | D:7      | Succumbed to a kobold's poison

Skill      XL: |  1  2  3  4  5  6  7  8 |
---------------+-------------------------+-----
Axes           | 2 3 4 |  4.7
Armour         | 3 4 5 |  5.2
Dodging        | 1 2 3 4 |  4.1
Fighting       | 4 5 |  5.5
Polearms       | 1 3 4 |  4.4
Invocations    | 1 2 4 |  4.2
Shields        | |  2.6

Action                   |  1- 3 |  4- 6 |  7- 9 || total
-------------------------+-------+-------+-------++-------
Melee: War axe           |   145 |    55 |       ||   200
       Scythe            |       |    82 |   192 ||   274
  Use: Potion            |       |     5 |     4 ||     9
       Scroll            |       |     2 |     8 ||    10
  Eat: Chunk             |     2 |     4 |     2 ||     8
       Ration            |       |     3 |     1 ||     4
Armor: Scale mail        |    82 |    79 |   265 ||   426
       Skin              |       |     6 |       ||     6
Dodge: Dodged            |    48 |    80 |   294 ||   422
Block: Shield            |    61 |    20 |       ||    81
       Other             |       |       |    11 ||    11
